 Dungeon Crawl Stone Soup version 0.31-a0-489-g282fc92437 (webtiles) character file.

Game seed: 1880932368519740597

85 Ethylacetat the Sneak (level 4, -13/31 HPs)
             Began as an Octopode Brigand on Aug 8, 2023.
             Mangled by Crazy Yiuf
             ... wielding a +4 quarterstaff of chaos
              (15 damage)
             ... on level 2 of the Dungeon.
             The game lasted 00:01:57 (1449 turns).

Ethylacetat the Sneak (Octopode Brigand)            Turns: 1449, Time: 00:01:59

Health: -13/31     AC:  1    Str: 10    XL:     4   Next: 48%
Magic:  13/13      EV: 14    Int: 13    God:
Gold:   86         SH:  0    Dex: 15    Spells: 3/3 levels left

rFire   . . .        a - +2 dagger
rCold   . . .        (no shield)
rNeg    . . .        (helmet restricted)
rPois   .            (no amulet)
rElec   .            g - ring of flight
rCorr   .            h - ring of magical power
SInv    .            (no ring)
Will    .....        (no ring)
Stlth   ++++         (no ring)
HPRegen 0.25/turn    (no ring)
MPRegen 0.13/turn    (no ring)
                     (no ring)

%: no passive effects
@: lethally poisoned (-13 -> -24), flying
A: almost no armour, amphibious, 8 rings, camouflage 1, gelatinous body 1,
(nimble swimmer 1), tentacles
a: no special abilities


You were on level 2 of the Dungeon.
You visited 1 branch of the dungeon, and saw 2 of its levels.

You collected 86 gold pieces.

Inventory:

Hand Weapons
 a - a +2 dagger (weapon)
Missiles
 b - 9 poisoned darts (quivered)
 c - 3 curare-tipped darts
Jewellery
 g - a ring of flight (left tentacle)
 h - a ring of magical power (right tentacle)
Scrolls
 d - a scroll of identify {unknown}
 e - a scroll of noise {unknown}
 f - a scroll of summoning {unknown}
 i - a scroll of blinking {unknown}
Potions
 j - a potion of mutation {unknown}


   Skills:
 + Level 3.5 Fighting
 - Level 2.0 Short Blades
 - Level 2.0 Throwing
 + Level 2.9 Dodging
 - Level 5.3 Stealth


You had 3 spell levels left.
You didn't know any spells.
Your spell library was empty.

Dungeon Overview and Level Annotations

Branches:
Dungeon (2/15)

Altars:

Annotations:
D:2 Crazy Yiuf


Innate Abilities, Weirdness & Mutations

You cannot wear most types of armour.
You are amphibious.
You can wear up to eight rings at the same time.
Your skin changes colour to match your surroundings (Stealth+).
Your rubbery body absorbs attacks. (AC +1, EV +1)
((You are camouflaged when in or above water. (Stealth+)))
You have tentacles for arms and can constrict up to eight enemies at once.


Message History

There is a stone staircase leading down here.
You see here a rat corpse.
Key pressed, stopping explore.
No target in view!
No target in view!
You see here a +0 ring mail.
You see here 5 stones.
You see here 2 stones.
Key pressed, stopping explore.
No target in view!
You see here 2 stones.
Key pressed, stopping explore.
No target in view!
No reachable target in view!
Could not explore, unopened runed door.
No reachable target in view!
Could not explore, unopened runed door.
No reachable target in view!
You reach down and open the door.
There is an open translucent door here.
Crazy Yiuf shouts!
Crazy Yiuf screams, "Cholesterol meccalolo testudinal!"
Crazy Yiuf hits you with a +4 quarterstaff of chaos!
Ouch! That really hurt!
You hit Crazy Yiuf but do no damage. Your grab misses Crazy Yiuf.
Crazy Yiuf barely misses you.
You hit Crazy Yiuf. You grab Crazy Yiuf.
Crazy Yiuf is lightly wounded.
You constrict Crazy Yiuf, but do no damage.
Crazy Yiuf hits you with a +4 quarterstaff of chaos!
* * * LOW HITPOINT WARNING * * *
You are lethally poisoned!
You barely miss Crazy Yiuf.
You squeeze Crazy Yiuf, but do no damage.
Crazy Yiuf is lightly wounded.
You constrict Crazy Yiuf.
* * * LOW HITPOINT WARNING * * *
You feel very sick.
Crazy Yiuf hits you with a +4 quarterstaff of chaos!
You die...

.# .# .# .# .# .#
.# ###### #####
.###....## ###..)#
.##......####.'.@g#
.##.......#..##...#
.......#.#.########
.########### .# .#
### .### #.# ...#
##.# .#.#######..#


You could see Crazy Yiuf.

Vanquished Creatures
  Terence (D:2)
  An adder (D:2)
  A worm (D:2)
  A dart slug (D:1)
  6 bats
  6 endoplasms
  2 giant cockroaches
  4 goblins
  4 hobgoblins
  3 quokkas (D:1)
  6 ball pythons
  A frilled lizard (D:2)
  3 kobolds
  6 rats
45 creatures vanquished.

Notes
Turn   | Place    | Note
-------+----------+-------------------------------------------
     0 | D:1      | Ethylacetat the Octopode Brigand began the quest for the
                  | Orb.
     0 | D:1      | Reached XP level 1. HP: 14/14 MP: 1/1
    59 | D:1      | Reached XP level 2. HP: 15/20 MP: 2/2
   162 | D:1      | Reached XP level 3. HP: 25/25 MP: 3/3
   296 | D:1      | Found a faded altar of an unknown god.
   727 | D:2      | Found a runed translucent door.
   728 | D:2      | Noticed Crazy Yiuf
  1000 | D:2      | Noticed Terence
  1017 | D:2      | Killed Terence
  1018 | D:2      | Reached XP level 4. HP: 5/31 MP: 4/4
  1258 | D:2      | Identified the +8 ring mail of Qeliog {Rampage rN++ Str-3}
  1449 | D:2      | Mangled by Crazy Yiuf

Illustrated notes

Levels and vault maps discovered:
D:1:      minmay_arrival_diagonal_passages, layout_rooms,
          ebering_ecumenical_altar_rust
D:2:      layout_loops_ring, minmay_hedge_maze, uniq_crazy_yiuf_cottage,
          uniq_terence

Skill      XL: |  1  2  3 |
---------------+----------+-----
Dodging        | 2 |  2.9
Fighting       | 3 |  3.5
Short Blades   | |  2.0
Throwing       | |  2.0
Stealth        | |  5.3

Action                     |  1- 3 |  4- 6 || total
---------------------------+-------+-------++-------
  Melee: Dagger            |    77 |     8 ||    85
         Constrict         |    17 |     3 ||    20
         Tentacles         |    23 |     1 ||    24
         Punch             |       |     1 ||     1
    Use: Potion            |     1 |       ||     1
   Stab: Sleeping          |    10 |     1 ||    11
 Armour: Skin              |     8 |       ||     8
  Dodge: Dodged            |    43 |     2 ||    45

Table legend: (Time is in decaauts)
 A = Elapsed time spent in this place.
 B = Non-inter-level travel time spent in this place.
 C = Inter-level travel time spent in this place.
 D = Time resting spent in this place.
 E = Time spent auto-exploring this place.
 F = Levels seen in this place.
 G = Mean time per level.
                   A        B        C        D        E       F      G
               +--------+--------+--------+--------+--------+-----+--------+
         Total |   1439 |   1435 |      4 |     39 |   1110 |   2 |  719.5 |
       Dungeon |   1439 |   1435 |      4 |     39 |   1110 |   2 |  719.5 |
               +--------+--------+--------+--------+--------+-----+--------+

Top non-repeatable levels by time:
     D:2: 967 daAuts
     D:1: 472 daAuts
